Map: Oxide LE

Players

LiquidClem (Clem)

  • Race: Terran Terran
  • League: Grandmaster
  • Spawn Location: 1:00

BlyOnFire (Bly) - Winner!

  • Race: Zerg Zerg
  • League: Grandmaster
  • Spawn Location: 7:00

Event: StayAtHome Story Cup #3

VOD

https://youtu.be/Ra0z-2atPOU

Description

Time

  • Played on: March 11, 2021, 7:04 a.m.
  • Length: 2:53

All games in this series

Show
View Real Time Build Order
Export as new Build Order

LiquidClem Terran 

Build Orders: Reaper Expand 

Get SALT Encoding   

  12  0:00  SCV  
  13  0:12  SCV  
  14  0:17  Supply Depot  
  14  0:24  SCV  
  15  0:38  SCV  
  15  0:39  Barracks  
  16  0:43  Refinery  
  16  0:50  SCV  
  17  1:03  SCV  
  18  1:15  SCV  
  19  1:26  Reaper  
  19  1:28  Orbital Command  
  20  1:39  Command Center  
  20  1:52  Barracks  
  21  1:54  SCV  
  21  1:58  Marine  
  22  2:05  Bunker  
  21  2:16  Marine, Supply Depot  
  21  2:21  SCV  
  21  2:38  SCV  
Show
View Real Time Build Order
Export as new Build Order

BlyOnFire Zerg - Winner!

Build Orders: Pool First 

Get SALT Encoding   

  12  0:00  Drone  
  13  0:09  Extractor  
  12  0:24  Spawning Pool  
  12  0:28  Drone  
  12  0:34  Drone  
  13  0:40  Drone  
  14  0:52  Overlord  
  14  1:11  Zergling x6  
  14  1:12  Metabolic Boost  
  17  1:22  Zergling x2  
  18  1:35  Zergling x2  
  19  1:47  Hatchery  
  18  1:55  Zergling x2  
  18  1:56  Zergling x2  
  20  2:03  Queen  
  22  2:15  Overlord  
Tags
 
Add a new tag
Caveats
  • Supply blocks, unpowered buildings, or Contaminate may cause inaccurate times.
  • Supply counts are checked every 10 seconds.